 Dungeon Crawl Stone Soup version 0.28.0-43-g3370ac3207 (webtiles) character file.

Game seed: 8292017054691098939

109874 pkoi the Devastator (level 16, -1/114 HPs)
             Began as a Pale Draconian Conjurer on Mar 3, 2022.
             Was a High Priest of Vehumet.
             Hit by a javelin thrown by a merfolk javelineer (17 damage)
             ... on level 3 of the Shoals.
             The game lasted 01:52:03 (46315 turns).

pkoi the Devastator (Pale Draconian Conjurer)      Turns: 46315, Time: 01:52:04

Health: -1/114     AC: 17    Str: 11    XL:     16   Next: 5%
Magic:  25/39      EV:  8    Int: 28    God:    Vehumet [*****.]
Gold:   1832       SH:  0    Dex: 11    Spells: 15/36 levels left

rFire   . . .      SeeInvis .   D - staff of poison
rCold   + . .      Faith    .   (no shield)
rNeg    + + .      Spirit   .   (armour unavailable)
rPois   +          Reflect  .   (helmet restricted)
rElec   .          Harm     .   N - scarf {repulsion}
rCorr   .          Rampage  .   c - +2 pair of gloves
Will    +....                   d - +0 pair of boots
Stlth   +++.......              R - amulet of magic regeneration
HPRegen 0.29/turn               o - +4 ring of protection
MPRegen 0.66/turn               w - ring "Zehusoir" {rC+ rN++ MP+9 Int+4}

@: held, repel missiles
A: breathe steam, AC +9, unfitting armour, cold-blooded, steam resistance
a: Breathe Steam, Renounce Religion


You were on level 3 of the Shoals.
You worshipped Vehumet.
Vehumet was extremely pleased with you.
You visited 6 branches of the dungeon, and saw 26 of its levels.

You collected 2252 gold pieces.
You spent 420 gold pieces at shops.

Inventory:

Hand Weapons
 n - a +2 dagger of electrocution
 q - a +3 dagger of venom
 x - a +4 great sword
 G - the +2 dagger of Makhleb's Grace {vorpal, rC- rN+ Int+4 Stlth+}
   (You found it on level 8 of the Dungeon)

   It inflicts extra damage upon your enemies.
   Int:       It affects your intelligence (+4).
   rC:        It makes you vulnerable to cold.
   rN:        It protects you from negative energy.
   Stlth:     It makes you more stealthy.
Missiles
 B - 7 boomerangs of dispersal
 P - 7 throwing nets
Armour
 c - a +2 pair of gloves (worn)
 d - a +0 pair of boots (worn)
 N - a scarf of repulsion (worn)
Magical Staves
 D - a staff of poison (weapon)
Jewellery
 o - a +4 ring of protection (left hand)
 w - the ring "Zehusoir" (right hand) {rC+ rN++ MP+9 Int+4}
   (You acquired it on level 4 of the Lair of Beasts)

   [ring of magical power]

   Int:       It affects your intelligence (+4).
   rC:        It protects you from cold.
   rN:        It greatly protects you from negative energy.
   MP:        It affects your magic capacity (+9).
 F - a ring of positive energy
 H - a ring of fire
 O - a ring of ice
 R - an amulet of magic regeneration (around neck)
Wands
 h - a wand of acid (9)
 i - a wand of charming (13)
 m - a wand of paralysis (13)
 u - a wand of digging (16)
 v - a wand of polymorph (4)
 y - a wand of iceblast (13)
 L - a wand of flame (59)
Scrolls
 a - 2 scrolls of enchant armour
 e - a scroll of blinking
 g - 2 scrolls of amnesia
 p - 3 scrolls of silence
 A - 7 scrolls of identify
 C - 3 scrolls of enchant weapon
 I - 2 scrolls of fear
 J - 8 scrolls of magic mapping
 M - 3 scrolls of fog
Potions
 b - 7 potions of lignification
 f - a potion of invisibility
 j - 10 potions of curing
 k - 5 potions of flight
 l - a potion of magic
 r - 3 potions of heal wounds
 s - 2 potions of might
 t - 2 potions of haste
 z - a potion of brilliance
 E - a potion of resistance
 K - a potion of ambrosia
 Q - a potion of cancellation


   Skills:
 - Level 3.0 Fighting
 + Level 8.3 Dodging
 - Level 6.0 Stealth
 + Level 10.7 Spellcasting
 + Level 17.2 Conjurations
 + Level 13.3 Hexes
 - Level 12.0 Translocations


You had 15 spell levels left.
You knew the following spells:

 Your Spells              Type           Power      Damage    Failure   Level
a - Magic Dart            Conj           100%       1d8       0%          1
b - Searing Ray           Conj           100%       2d8       0%          2
c - Dazzling Flash        Conj/Hex       100%       N/A       0%          3
d - Iskenderun's Mystic   Conj/Tloc      77%        2d15      1%          4
e - Fulminant Prism       Conj/Hex       39%        3d18      1%          4
f - Iskenderun's Battles  Conj           84%        2d13      1%          5
g - Blink                 Tloc           100%       N/A       1%          2

Your spell library contained the following spells:

 Spells                   Type           Power      Damage    Failure   Level
 Conjure Ball Lightning   Conj/Air       29%        3x3d8     4%          6
 Ensorcelled Hibernation  Hex/Ice        100%       N/A       1%          2
 Inner Flame              Hex/Fire       51%        N/A       1%          3
 Lesser Beckoning         Tloc           70%        N/A       1%          3
 Stone Arrow              Conj/Erth      100%       3d13      1%          3
 Summon Guardian Golem    Hex/Summ       51%        N/A       1%          3
 Tukima's Dance           Hex            74%        N/A       1%          3
 Cause Fear               Hex            37%        N/A       1%          4
 Passage of Golubria      Tloc           70%        N/A       1%          4
 Manifold Assault         Tloc           70%        N/A       1%          5
 Yara's Violent Unravell  Hex/Tmut       25%        3d11      1%          5
 Anguish                  Hex/Necr       25%        N/A       2%          4
 Pain                     Necr           60%        1d7       3%          1
 Summon Small Mammal      Summ           60%        N/A       3%          1
 Frozen Ramparts          Ice            30%        1d5       3%          3
 Iron Shot                Conj/Erth      29%        9d6       4%          6
 Summon Mana Viper        Hex/Summ       51%        N/A       7%          5
 Summon Forest            Summ/Tloc      24%        N/A       9%          5
 Call Canine Familiar     Summ           15%        N/A       11%         3
 Spider Form              Tmut/Pois      22%        N/A       11%         3
 Ice Form                 Ice/Tmut       15%        N/A       36%         4
 Summon Ice Beast         Ice/Summ       15%        N/A       36%         4
 Agony                    Necr           15%        N/A       71%         5
 Blade Hands              Tmut           7%         N/A       71%         5
 Excruciating Wounds      Necr           7%         N/A       71%         5
 Discord                  Hex            37%        N/A       71%         8
 Lehudib's Crystal Spear  Conj/Erth      29%        10d8      83%         8
 Summon Cactus Giant      Summ           7%         N/A       99%         6
 Summon Horrible Things   Summ           7%         N/A       100%        8
 Animate Armour           Summ/Erth      Unusable   N/A       N/A         4

Dungeon Overview and Level Annotations

Branches:
Dungeon (13/15)            Temple (1/1) D:5            Lair (6/6) D:11
 Shoals (3/4) Lair:3       Spider (1/4) Lair:4        Slime (0/5) Lair:5
    Orc (2/2) D:11            Elf (0/3) Orc:2        Vaults (0/5) D:13

Altars:
Ashenzari
Cheibriados
Dithmenos
Elyvilon
Fedhas
Gozag
Hepliaklqana
Kikubaaqudgha
Makhleb
Nemelex Xobeh
Okawaru
Qazlal
Ru
Sif Muna
Trog
Uskayaw
Vehumet
Wu Jian
Xom
Yredelemnul
Zin
The Shining One
Beogh

Shops:
D:10 [   Orc:2 !==(

Annotations:
D:11 2 runed translucent doors
D:12 7 runed translucent doors, Acetwo5's ghost, journeyman DEFE
D:13 2 transporters, Selrock's ghost, journeyman KoHu


Innate Abilities, Weirdness & Mutations

You can breathe blasts of scalding, opaque steam.
Your pale cyan-grey scales are hard. (AC +9)
You cannot fit into any form of body armour.
You are cold-blooded and may be slowed by cold attacks.
You are immune to the effects of steam.


Message History

Unknown command.
Casting: Magic Dart (safe; 0% risk of failure)
Confirm with . or Enter, or press ? or * to list all spells.
You erupt in a blast of force!
The mystic blast hits the merfolk!
The merfolk is moderately wounded.
The merfolk is knocked back by the mystic blast.
The mystic blast hits the merfolk impaler!
The merfolk impaler is almost dead.
The merfolk impaler is knocked back by the mystic blast.
The mystic blast hits the merfolk javelineer!
The merfolk javelineer is heavily wounded.
The merfolk javelineer is knocked back by the mystic blast.
The mystic blast hits the wind drake!
The wind drake is heavily wounded.
The wind drake is knocked back by the mystic blast.
You hear an angry hiss.
The wind drake flaps its wings at you. The air twists around and strikes you!
* * * LOW HITPOINT WARNING * * *
Unknown command.
You struggle against the net.
The merfolk javelineer throws a javelin.
The javelin pierces through you!
* * * LOW HITPOINT WARNING * * *
Okay, then.
Casting: Iskenderun's Mystic Blast (safe; 1% risk of failure)
Confirm with . or Enter, or press ? or * to list all spells.
You erupt in a blast of force!
The mystic blast hits the merfolk!
The merfolk is heavily wounded.
The merfolk is knocked back by the mystic blast.
The mystic blast hits the merfolk impaler!
You kill the merfolk impaler!
Vehumet accepts your kill.
You feel your power returning.
The mystic blast hits the wind drake!!
The wind drake is almost dead.
The wind drake is knocked back by the mystic blast.
You hear an angry hiss.
The merfolk javelineer throws a javelin.
The javelin pierces through you!
You die...

≈≈≈≈≈≈≈≈≈≈≈≈≈≈≈≈≈
≈≈≈≈≈≈≈≈≈≈≈m≈≈≈≈≈≈
≈≈≈≈≈≈≈≈≈≈≈≈≈≈≈≈≈≈
≈≈≈≈≈≈≈≈°≈≈≈≈≈≈≈≈≈
≈≈≈≈≈≈≈≈k≈≈≈≈≈m≈≈≈
≈≈≈≈≈≈≈≈≈≈≈≈≈≈≈≈≈≈
≈≈≈≈≈≈≈≈≈≈≈≈≈≈≈≈..
≈P≈≈≈≈≈.@.)≈≈≈≈...
P≈≈≈≈≈.÷##..≈≈....
PP≈≈...####.≈≈#...
##≈.... .≈≈# .
#≈≈... .≈≈#
#.≈≈≈≈. ≈≈Y..
#.≈≈≈≈≈ ≈≈≈≈..
..≈≈≈≈≈ ≈≈≈≈≈.
≈≈≈≈≈≈≈


You could see a merfolk javelineer, a wind drake (repels missiles) and a
merfolk.

Vanquished Creatures
  6 merfolk impalers
  2 merfolk javelineers (Shoals:2)
  Fannar (D:10)
  Erolcha (D:12)
  8 hydras
  8 vault guards (D:13)
  An alligator snapping turtle (Shoals:2)
  3 catoblepae
  4 merfolk avatars
  2 boulder beetles
  2 two-headed ogres
  A deep troll shaman (Lair:6)
  4 centaur warriors
  A dancing weapon (D:8)
  2 tengu warriors (D:13)
  Urug (Lair:6)
  4 death yaks (Lair:6)
  Sonja (Orc:2)
  7 skeletal warriors
  A sun moth (Spider:1)
  10 sea snakes
  2 orb spiders (Spider:1)
  2 steelbarb worms (Spider:1)
  8 harpies
  9 orc knights
  3 ugly things
  A wolf spider (Spider:1)
  8 manticores
  4 cyclopes
  4 black mambas
  4 elephants
  2 fauns (Shoals:1)
  3 gargoyles (D:12)
  4 merfolk sirens
  A torpor snail (Lair:4)
  2 water nymphs (Shoals:1)
  5 cane toads
  Psyche (D:12)
  A rime drake (Lair:5)
  An unseen horror (D:12)
  A kobold demonologist (D:12)
  The ghost of yahweh the Magician, a novice DjFE (D:5)
  11 komodo dragons
  6 trolls
  The ghost of Einschlag the Quickloader, an amateur GnHu of Xom (D:8)
  17 merfolk
  4 wind drakes
  5 tarantellas (Spider:1)
  A tarantella (shapeshifter) (D:8)
  5 polar bears
  4 snapping turtles
  20 blink frogs
  6 slime creatures
  7 dream sheep
  7 jumping spiders (Spider:1)
  3 water elementals (Shoals:1)
  2 culicivoras (Spider:1)
  3 shadows
  3 vampires
  4 wyverns
  4 wraiths (D:12)
  3 basilisks
  54 yaks
  11 redbacks (Spider:1)
  3 steam dragons
  5 wargs (Orc:2)
  An acid dragon (D:12)
  15 water moccasins
  An ice beast (D:6)
  37 orc warriors
  An ice beast (shapeshifter) (D:12)
  5 black bears
  A sky beast (D:7)
  7 ogres
  14 wolves
  A necrophage (D:4)
  A phantom (D:3)
  8 centaurs
  4 kobold brigands
  8 bullfrogs
  Blork the orc (D:4)
  A gnoll sergeant (D:10)
  9 scorpions
  A wyvern zombie (D:5)
  2 water moccasin skeletons
  8 wights
  7 killer bees
  7 centaur zombies
  6 howler monkeys (D:7)
  2 lava snakes (D:12)
  A bullfrog zombie (D:5)
  2 hounds
  2 centaur skeletons
  A gnoll shaman (D:4)
  A jelly (D:3)
  11 orc priests
  3 iguanas (D:8)
  22 orc wizards
  A hound skeleton (D:4)
  A hound zombie (D:5)
  A howler monkey zombie (D:9)
  Robin (D:1)
  12 gnolls
  8 adders
  A shadow imp (D:8)
  An ufetubus (D:5)
  An adder skeleton (D:4)
  3 worms
  2 dart slugs
  77 orcs
  10 ball pythons
  7 bats
  9 endoplasms
  2 giant cockroaches
  15 goblins
  6 hobgoblins
  7 jackals
  5 quokkas
  5 frilled lizards
  6 kobolds
  8 rats
706 creatures vanquished.

Vanquished Creatures (others)
  A bush (Lair:6)
  246 fulminant prisms
  44 fungi
  79 plants
370 creatures vanquished.

Grand Total: 1076 creatures vanquished

Notes
Turn   | Place    | Note
-------+----------+-------------------------------------------
     0 | D:1      | pkoi the Draconian Conjurer began the quest for the Orb.
     0 | D:1      | Reached XP level 1. HP: 14/14 MP: 3/3
   357 | D:1      | Reached XP level 2. HP: 7/20 MP: 0/5
   764 | D:1      | You fall into a shaft and drop 1 floor!
  1102 | D:2      | Reached skill level 5 in Conjurations
  1106 | D:1      | Reached XP level 3. HP: 25/26 MP: 0/6
  1164 | D:1      | Learned a level 2 spell: Searing Ray
  2351 | D:1      | Learned a level 3 spell: Dazzling Flash
  2607 | D:2      | Noticed Robin
  3148 | D:1      | Killed Robin
  3149 | D:1      | Reached XP level 4. HP: 33/33 MP: 0/7
  3552 | D:3      | Reached skill level 1 in Hexes
  3832 | D:3      | Found a faded altar of an unknown god.
  4079 | D:3      | Reached XP level 5. HP: 32/38 MP: 4/8
  4380 | D:4      | Noticed Blork the orc
  4708 | D:4      | Noticed a phantom
  4725 | D:3      | Killed a phantom
  4726 | D:3      | Reached skill level 6 in Conjurations
  4969 | D:4      | Killed Blork the orc
  4970 | D:4      | Reached XP level 6. HP: 38/45 MP: 3/10
  5562 | D:4      | Found a sparkling altar of Nemelex Xobeh.
  5639 | D:4      | Learned a level 4 spell: Iskenderun's Mystic Blast
  5959 | D:4      | Reached skill level 1 in Translocations
  5959 | D:4      | Your scales start taking on a pale cyan-grey colour.
  5959 | D:4      | Reached XP level 7. HP: 50/50 MP: 5/12
  5959 | D:4      | Gained mutation: You are immune to the effects of steam.
                  | [Pale Draconian growth]
  6776 | D:5      | Entered Level 5 of the Dungeon
  7165 | D:5      | Reached skill level 7 in Conjurations
  7598 | D:5      | Reached XP level 8. HP: 54/57 MP: 4/14
  7675 | D:5      | Learned a level 4 spell: Fulminant Prism
  7920 | D:5      | Found a staircase to the Ecumenical Temple.
  7953 | Temple   | Entered the Ecumenical Temple
  8373 | D:5      | Found a hide-covered altar of Uskayaw.
  8458 | D:5      | Noticed yahweh's ghost (novice DjFE)
  8765 | D:5      | Found a transporter.
  8769 | D:5      | Found a transporter.
  9032 | D:6      | Reached skill level 5 in Hexes
  9259 | D:6      | Reached skill level 8 in Conjurations
  9449 | D:6      | Found a white marble altar of Elyvilon.
 10064 | D:6      | Found a burning altar of Makhleb.
 10412 | Temple   | Became a worshipper of Vehumet
 11071 | D:7      | Reached XP level 9. HP: 62/62 MP: 11/16
 11183 | D:7      | Found a sacrificial altar of Ru.
 11609 | D:7      | Reached skill level 5 in Spellcasting
 12251 | D:8      | Noticed a catoblepas
 12286 | D:8      | Killed a catoblepas
 12287 | D:8      | Reached skill level 9 in Conjurations
 12674 | D:8      | Reached skill level 5 in Translocations
 13050 | D:8      | Reached * piety under Vehumet
 13050 | D:8      | Offered knowledge of Foxfire by Vehumet.
 13145 | D:8      | Reached XP level 10. HP: 69/69 MP: 6/18
 13466 | D:8      | Identified the +2 dagger of Makhleb's Grace {vorpal, rC-
                  | rN+ Int+4 Stlth+}
 13622 | D:8      | Reached skill level 10 in Conjurations
 14080 | D:8      | Found a runed translucent door.
 14094 | D:8      | Noticed a +1 war axe of chaos
 14097 | D:8      | Found a shimmering altar of Xom.
 14097 | D:8      | Noticed Einschlag's ghost (amateur GnHu)
 15156 | D:9      | Found a stormy altar of Qazlal.
 15215 | D:9      | Got the Volume of Calling
 15387 | D:9      | Noticed a cyclops
 15580 | D:9      | Noticed a brown ugly thing
 15716 | D:8      | Found a shadowy altar of Dithmenos.
 15830 | D:9      | Found a hazy altar of Hepliaklqana.
 15831 | D:9      | Found a bloodstained altar of Trog.
 15885 | D:9      | Killed a brown ugly thing
 16637 | D:9      | Killed a cyclops
 16638 | D:9      | Reached skill level 11 in Conjurations
 16984 | D:10     | Entered Level 10 of the Dungeon
 17115 | D:10     | Found Ahitag's Armour Boutique.
 17122 | D:10     | Found a shimmering blue altar of Sif Muna.
 17143 | D:10     | Noticed Fannar
 17149 | D:10     | Offered knowledge of Poisonous Vapours by Vehumet.
 17156 | D:10     | Noticed a two-headed ogre
 17167 | D:10     | Killed Fannar
 17168 | D:10     | Reached skill level 1 in Fighting
 17168 | D:10     | Reached XP level 11. HP: 43/77 MP: 3/20
 17190 | D:10     | Killed a two-headed ogre
 17707 | D:10     | Found a glowing golden altar of the Shining One.
 17774 | D:10     | Found an iron altar of Okawaru.
 18218 | D:11     | Found a staircase to the Lair.
 18228 | D:11     | Reached ** piety under Vehumet
 19029 | D:11     | Noticed a skeletal warrior
 19058 | D:11     | Killed a skeletal warrior
 19280 | D:11     | Noticed a skeletal warrior
 19293 | D:11     | Noticed a skeletal warrior
 19312 | D:11     | Noticed a skeletal warrior
 19322 | D:11     | Killed a skeletal warrior
 19331 | D:11     | Killed a skeletal warrior
 19332 | D:11     | Reached skill level 12 in Conjurations
 19516 | D:11     | Identified the +4 falchion of Dowelac {vorpal, Int+5 Dex-3}
 19726 | D:11     | Found a staircase to the Orcish Mines.
 19870 | D:11     | Killed a skeletal warrior
 19989 | D:11     | Noticed a skeletal warrior
 20015 | D:11     | Killed a skeletal warrior
 20256 | D:11     | Found a large runed translucent door.
 20256 | D:11     | Found a large runed translucent door.
 20625 | Lair:1   | Entered Level 1 of the Lair of Beasts
 20652 | Lair:1   | Noticed an eight-headed hydra
 20658 | Lair:1   | Killed an eight-headed hydra
 20659 | Lair:1   | Reached XP level 12. HP: 68/89 MP: 16/22
 20868 | Lair:1   | Offered knowledge of Scorch by Vehumet.
 21539 | Lair:1   | Reached skill level 13 in Conjurations
 22287 | Lair:2   | Reached skill level 10 in Hexes
 23582 | Lair:3   | Noticed a six-headed hydra
 23596 | Lair:2   | Killed a six-headed hydra
 23988 | Lair:3   | Found a staircase to the Shoals.
 24316 | Lair:3   | Reached *** piety under Vehumet
 25320 | Lair:3   | Offered knowledge of Olgreb's Toxic Radiance by Vehumet.
 25321 | Lair:3   | Noticed an eight-headed hydra
 25645 | Lair:3   | Noticed a seven-headed hydra
 25654 | Lair:3   | Killed a seven-headed hydra
 25794 | Lair:3   | Killed an eight-headed hydra
 26066 | Lair:3   | Reached skill level 14 in Conjurations
 26934 | D:5      | Killed yahweh's ghost
 27073 | D:8      | Killed Einschlag's ghost
 27074 | D:8      | Reached XP level 13. HP: 89/94 MP: 7/25
 28332 | Lair:4   | Reached **** piety under Vehumet
 28680 | Lair:4   | Offered knowledge of Iskenderun's Battlesphere by Vehumet.
 28687 | Lair:4   | Learned a level 5 spell: Iskenderun's Battlesphere
 28728 | Lair:4   | Found a hole to the Spider Nest.
 28821 | Lair:4   | Reached skill level 10 in Translocations
 29495 | Lair:4   | Identified a scroll of acquirement
 29495 | Lair:4   | Acquired the ring "Zehusoir" {rC+ rN++ MP+9 Int+4}
 30478 | Lair:5   | Found a staircase to the Slime Pits.
 30850 | Lair:6   | Entered Level 6 of the Lair of Beasts
 30863 | Lair:6   | Noticed Urug
 31398 | Lair:6   | Reached ***** piety under Vehumet
 31401 | Lair:6   | Killed Urug
 31402 | Lair:6   | Reached skill level 15 in Conjurations
 31851 | Lair:6   | Offered knowledge of Lee's Rapid Deconstruction by Vehumet.
 32981 | Lair:6   | Reached XP level 14. HP: 102/102 MP: 24/27
 33293 | Lair:6   | Identified the +6 hand axe "Utick" {elec, Drain rCorr
                  | Int+7}
 33637 | D:12     | Noticed Erolcha
 33643 | D:12     | Killed Erolcha
 34641 | D:12     | Noticed Psyche
 34646 | D:12     | Killed Psyche
 35066 | D:12     | Reached skill level 16 in Conjurations
 35113 | D:12     | Noticed a sphinx
 35116 | D:12     | Noticed a quicksilver dragon
 35116 | D:12     | a sphinx changed into a quicksilver dragon
 35119 | D:12     | Noticed a sphinx
 35119 | D:12     | a quicksilver dragon changed into a sphinx
 35121 | D:12     | Noticed a shadow dragon
 35121 | D:12     | a sphinx changed into a shadow dragon
 35122 | D:12     | Noticed a caustic shrike
 35122 | D:12     | a shadow dragon changed into a caustic shrike
 35218 | D:12     | Learned a level 2 spell: Blink
 35222 | D:12     | Identified the +1 leather armour "Lualepne" {Harm rF- rN+++
                  | Stlth-}
 35378 | D:12     | Found a runed translucent door.
 35381 | D:12     | Noticed Acetwo5's ghost (journeyman DEFE)
 35592 | D:12     | Found a runed translucent gate.
 35592 | D:12     | Found a runed translucent gate.
 35592 | D:12     | Found a runed translucent gate.
 35625 | D:12     | Found a runed translucent gate.
 35625 | D:12     | Found a runed translucent gate.
 35625 | D:12     | Found a runed translucent gate.
 35729 | D:12     | Identified the +5 spear of Righteous Fury {freeze, Fly
                  | Str+6 Dex+3}
 35791 | D:12     | Noticed an iron giant
 35792 | D:12     | Noticed a shadow dragon
 35792 | D:12     | an iron giant changed into a shadow dragon
 35794 | D:12     | a shadow dragon changed into an alligator snapping turtle
 36146 | D:13     | Reached skill level 5 in Dodging
 36472 | D:13     | Reached skill level 5 in Stealth
 36835 | D:13     | Found a transporter.
 36877 | D:13     | Noticed Selrock's ghost (journeyman KoHu)
 37057 | D:13     | Found a gate to the Vaults.
 37231 | D:13     | Found a transporter.
 37780 | Spider:1 | Entered Level 1 of the Spider Nest
 38584 | Spider:1 | Offered knowledge of Iron Shot by Vehumet.
 39193 | Spider:1 | Reached XP level 15. HP: 107/107 MP: 8/28
 39717 | Orc:1    | Entered Level 1 of the Orcish Mines
 40044 | Orc:2    | Entered Level 2 of the Orcish Mines
 40064 | Orc:2    | Found a staircase to the Elven Halls.
 40754 | Orc:2    | Found Uceguxaudd's Distillery.
 40754 | Orc:2    | Found Coedgh's Jewellery Boutique.
 41226 | Orc:2    | Found Nuhosegg's Jewellery Shoppe.
 41226 | Orc:2    | Found Ocixew's Weapon Boutique.
 41240 | Orc:2    | Noticed Sonja
 41246 | Orc:2    | Killed Sonja
 41631 | Orc:2    | Bought an amulet of magic regeneration for 420 gold pieces
 41881 | Orc:1    | Offered knowledge of Conjure Ball Lightning by Vehumet.
 42320 | Shoals:1 | Entered Level 1 of the Shoals
 43331 | Shoals:1 | Reached skill level 10 in Spellcasting
 44744 | Shoals:2 | Reached skill level 17 in Conjurations
 45940 | Shoals:2 | Reached XP level 16. HP: 87/114 MP: 28/30
 46315 | Shoals:3 | Hit by a javelin thrown by a merfolk javelineer

Illustrated notes

Levels and vault maps discovered:
D:1:      dpeg_cavernosity, layout_basic
D:2:      layout_rooms, st_stairs_8, minmay_crystal_water, uniq_robin
D:3:      layout_basic, ebering_ecumenical_altar_sacrificial
D:4:      layout_loops_corners, nemelex_diamond_rough_becter,
          portal_sewer_entry_e, uniq_blork_the_orc
D:5:      layout_loops_cross, eat_drink_and_be_merry_uskayaw,
          minmay_temple_entry_waves, gammafunk_ghost_smash,
          nicolae_figureground_pulse
D:6:      layout_loops_ring, mainiacjoe_overflow_alcove_4,
          mainiacjoe_overflow_brackets
D:7:      layout_layer_cave, lemuel_doored_altar
D:8:      minmay_clustersquares, layout_cave_pods,
          nicolae_overflow_hidden_temple, ebering_ghost_xom, minmay_lizard_king
D:9:      layout_roguey, mainiacjoe_overflow_cross_hatched,
          jmf_multi_god_temple, chequers_serial_rivers_micro_e,
          minmay_fractal_squares_gapless_7
D:10:     layout_gridville, mainiacjoe_overflow_tiny_flanked,
          kennysheep_okawaru_gauntlet, general_overflow_altar, serial_shops,
          nicolae_take_the_stairs, uniq_fannar
D:11:     layout_loops_cross, david_lair_generic, orc_0_dummy,
          lightli_elemental_guards
D:12:     kennysheep_treasure_stockpile, layout_basic,
          ebering_ghost_funeral_grove, grunt_ministairs_8, uniq_psyche,
          uniq_erolcha
D:13:     layout_small_grid, erik_vaults_2, gammafunk_ghost_hive,
          lightli_minifort
Temple:   jpeg_temple_alley_garden
Lair:1:   layout_small_grid
Lair:2:   layout_layer_cave
Lair:3:   layout_hall_layers, shoals_dummy_entry
Lair:4:   layout_layer_cave, nicolae_spider_entry_non_spiders
Lair:5:   layout_roguey, dpeg_slime_entry_corner
Lair:6:   grunt_lair_end_beastmaster, layout_gridlike,
          infiniplex_staircase_pool, uniq_urug
Shoals:1: layout_shoals
Shoals:2: layout_shoals, nicolae_shoals_pincushion_passage
Shoals:3: layout_shoals, gammafunk_ghost_cemetery, nicolae_shoals_land_atoll
Spider:1: cheibrodos_spider_silkery
Orc:1:    layout_caves
Orc:2:    st_orc_town, layout_diamond_mine, uniq_sonja

Skill      XL: |  1  2  3  4  5  6  7  8  9 10 11 12 13 14 15 |
---------------+----------------------------------------------+-----
Conjurations   | 5 6 7 8 9 11 12 14 15 16 17 | 17.2
Hexes          | 1 2 3 4 5 7 8 9 10 12 13 | 13.3
Spellcasting   | 3 4 5 6 7 8 9 10 | 10.7
Translocations | 1 2 4 5 6 7 9 11 12 | 12.0
Fighting       | 1 3 |  3.0
Dodging        | 2 3 6 8 |  8.3
Stealth        | 6 |  6.0

Action                   |  1- 3 |  4- 6 |  7- 9 | 10-12 | 13-15 | 16-18 || total
-------------------------+-------+-------+-------+-------+-------+-------++-------
Melee: Unarmed           |    55 |       |       |       |       |       ||    55
       Tailslap          |     8 |       |     5 |    16 |     7 |       ||    36
       Spear             |    38 |       |       |       |       |       ||    38
       Dagger            |       |     6 |    46 |    66 |    20 |       ||   138
       Punch             |       |       |     1 |       |       |       ||     1
       Staff             |       |       |       |       |    10 |       ||    10
 Cast: Magic Dart        |    86 |   107 |   127 |   115 |   603 |    11 ||  1049
       Searing Ray       |     1 |     5 |    20 |    57 |    10 |       ||    93
       Iskenderun's Myst |       |       |     2 |    24 |   214 |     6 ||   246
       Fulminant Prism   |       |       |    23 |   103 |   117 |     3 ||   246
       Dazzling Flash    |       |       |       |     2 |       |       ||     2
       Iskenderun's Batt |       |       |       |       |   117 |     3 ||   120
 Abil: Breathe Steam     |       |       |    17 |    32 |     6 |       ||    55
  Use: Scroll            |       |       |    18 |     4 |     9 |       ||    31
       Potion            |       |       |       |       |     3 |       ||     3
Armor: Skin              |    43 |     8 |    44 |    95 |   139 |     9 ||   338
Dodge: Dodged            |    78 |    24 |    91 |   200 |   228 |     9 ||   630
       Repelled          |       |       |       |       |     8 |       ||     8
